 Dungeon Crawl Stone Soup version 0.31-a0-164-g2312942fda (webtiles) character file.

Game seed: 4430392818178632324

102 qw the Chopper (level 4, -1/28 HPs)
             Began as a Gargoyle Fighter on June 13, 2023.
             Slain by a gnoll
             ... wielding a +0 flail
              (6 damage)
             ... on level 2 of the Dungeon.
             The game lasted 00:00:40 (1354 turns).

qw the Chopper (Gargoyle Fighter)                   Turns: 1354, Time: 00:00:41

Health: -1/28      AC: 12    Str: 22    XL:     4   Next: 77%
Magic:  4/4        EV:  8    Int:  8    God:
Gold:   68         SH:  4    Dex:  9    Spells: 3/3 levels left

rFire   . . .        Y - +0 war axe
rCold   . . .        c - +0 buckler
rNeg    + . .        k - +0 chain mail
rPois   inf          (no helmet)
rElec   +            (no cloak)
rCorr   .            (no gloves)
SInv    .            (no boots)
Will    .....        (no amulet) Stlth
                     (no ring)
HPRegen 0.24/turn    (no ring)
MPRegen 0.09/turn

%: no passive effects
@: no status effects
A: sickness immunity, AC +3, negative energy resistance 1, electricity
resistance, torment resistance 1, petrification resistance
a: no special abilities


You were on level 2 of the Dungeon.
You visited 1 branch of the dungeon, and saw 2 of its levels.

You collected 68 gold pieces.


Innate Abilities, Weirdness & Mutations

You are immune to sickness and miasma.
Your stone body is resilient. (AC +3)
You are immune to poison.
You resist negative energy. (rN+)
You are resistant to electric shocks. (rElec)
You are resistant to unholy torment.
You are immune to petrification.


   Skills:
 - Level 3.2 Fighting
 + Level 4.3 Axes
 - Level 3.2 Armour
 - Level 3.2 Shields


You had 3 spell levels left.
You didn't know any spells.
Your spell library was empty.

Inventory:

Hand Weapons
 a - a +0 flail
 Y - a +0 war axe (weapon)
Armour
 c - a +0 buckler (worn)
 k - a +0 chain mail (worn)
Scrolls
 j - a scroll of identify
Potions
 d - a potion of might
 i - a potion of heal wounds {unknown}

Dungeon Overview and Level Annotations

Branches:
Dungeon (2/15)

Altars:


Message History

Enter note:
Enter note:
Enter note:
Enter note:
Enter note:
Enter note:
Enter note: You barely miss the gnoll.
The gnoll hits you but does no damage.
You slash the gnoll!
The gnoll is severely wounded.
The gnoll hits you but does no damage.
You barely miss the gnoll.
The gnoll is severely wounded.
You slash the gnoll! The gnoll hits you but does no damage.
The gnoll closely misses you.
You barely miss the gnoll.
The gnoll is severely wounded.
You barely miss the gnoll. The gnoll hits you with a +0 flail!
The gnoll hits you but does no damage.
A gnoll comes into view. It is wielding a +0 spear.
The gnoll shouts!
You hit the gnoll.
The gnoll is severely wounded.
You hit the gnoll but do no damage. The gnoll hits you but does no damage.
The gnoll barely misses you.
A goblin comes into view. It is wielding a +0 club.
The gnoll hits you but does no damage. You block the gnoll's attack.
The goblin moves out of view.
You slash the gnoll!
You kill the gnoll!
You closely miss the gnoll. The gnoll hits you with a +0 flail!
You hit the gnoll but do no damage.
The gnoll is heavily wounded.
The gnoll hits you with a +0 flail.
You barely miss the gnoll.
The gnoll is heavily wounded.
The gnoll hits you with a +0 flail. x2
You die...

..### #.##...##.. ....# #.
#.......... #.#.# .. #..#....#..
#.#.###.# #. #..##.#.#..
........# #. ... ........
#.#.##### #. ####.##.#.### #...%#
#g #.##'#.# #....# #)### #.#....#
.....# #g@.# #......## ###..#
###.## ##.......##
##...###########...####.........#
......................'.........%
#[...#########.....####.........#
#....# #.##..# ##.......## #...##
#.#...# ##.....## ##.## #.#.#.#
##...## #.# #.....# ##'#####


You could see 2 gnolls.

Vanquished Creatures
  4 gnolls (D:2)
  2 adders (D:2)
  2 dart slugs (D:2)
  4 endoplasms
  2 giant cockroaches (D:1)
  4 goblins
  3 hobgoblins
  3 quokkas
  7 ball pythons
  2 bats (D:1)
  3 frilled lizards
  3 kobolds (D:1)
  3 rats
42 creatures vanquished.

Notes
Turn   | Place    | Note
-------+----------+-------------------------------------------
     0 | D:1      | qw the Gargoyle Fighter began the quest for the Orb.
     0 | D:1      | Reached XP level 1. HP: 14/14 MP: 1/1
     0 | D:1      | 0 ||| qw: Version: 0.2-a-29-gc1b59c4
     0 | D:1      | 0 ||| qw: Game counter: 4477
     0 | D:1      | 0 ||| qw: Always use a shield: true
     0 | D:1      | 0 ||| qw: God list: Okawaru
     0 | D:1      | 0 ||| qw: Allow faded altars: false
     0 | D:1      | 0 ||| qw: Do Orc after D:15 true
     0 | D:1      | 0 ||| qw: Do second Lair branch before Depths: true
     0 | D:1      | 0 ||| qw: Lair rune preference: random
     0 | D:1      | 0 ||| qw: Plans: Normal, Zot:1-4, Slime:5, God:TSO, Crypt,
                  | Tomb, Abyss, Pan, Hells, Win
     0 | D:1      | 0 ||| PLANNING D:1-11
    54 | D:1      | Reached skill level 2 in Axes
   197 | D:1      | 197 ||| Stepping ~*~*~tactically~*~*~ (stealth).
   209 | D:1      | Reached XP level 2. HP: 18/19 MP: 2/2
   304 | D:1      | 304 ||| Stepping ~*~*~tactically~*~*~ (stealth).
   434 | D:1      | Reached skill level 3 in Axes
   630 | D:1      | 630 ||| UPGRADING to +0 chain mail.
   640 | D:1      | 640 ||| DROPPING +0 scale mail.
   641 | D:1      | 641 ||| READING 2 scrolls labelled WYVOCW IPAST.
   642 | D:1      | 642 ||| READING scroll labelled LUBYOL EDIWNAUNA.
   646 | D:1      | 646 ||| READING scroll labelled UMENUTHAMU.
   647 | D:1      | 647 ||| READING 2 scrolls labelled ODIDUSE JEDY.
   648 | D:1      | 648 ||| DROPPING scroll of blinking.
   673 | D:2      | Reached XP level 3. HP: 23/23 MP: 3/3
   691 | D:2      | 691 ||| Stepping ~*~*~tactically~*~*~ (stealth).
   794 | D:2      | 794 ||| Stepping ~*~*~tactically~*~*~ (hiding).
   813 | D:2      | HP: 4/23 [gnoll/+0 flail (5)]
   815 | D:2      | Reached XP level 4. HP: 5/28 MP: 4/4
   910 | D:2      | 910 ||| DROPPING +0 whip.
   974 | D:2      | 974 ||| Stepping ~*~*~tactically~*~*~ (hiding).
  1108 | D:2      | Reached skill level 4 in Axes
  1224 | D:2      | 1224 ||| Stepping ~*~*~tactically~*~*~ (stealth).
  1232 | D:2      | 1232 ||| Stepping ~*~*~tactically~*~*~ (stealth).
  1354 | D:2      | HP: 5/28 [gnoll/+0 flail (4)]
  1354 | D:2      | Slain by a gnoll

Levels and vault maps discovered:
D:1:      nzn_arrival_depleted_hourglass, layout_basic
D:2:      layout_loops_corners, minmay_rat_hole

Skill      XL: |  1  2  3  4 |
---------------+-------------+-----
Axes           | 2 3 4 |  4.3
Fighting       | |  3.2
Armour         | |  3.2
Shields        | |  3.2

Action                     |  1- 3 |  4- 6 || total
---------------------------+-------+-------++-------
  Melee: War axe           |    75 |    24 ||    99
    Use: Scroll            |     4 |       ||     4
 Armour: Scale mail        |    24 |       ||    24
         Chain mail        |    18 |    14 ||    32
  Dodge: Dodged            |    33 |     6 ||    39
  Block: Buckler           |     9 |     1 ||    10

Table legend:
 A = Non-vault XP
 B = Vault XP
 C = Vault XP percentage of total XP
 D = Non-vault monster count
 E = Vault monster count
 F = Vault count percentage of total count
                 A         B        C        D         E       F
            +---------+---------+-------+---------+---------+-------
      Total |     146 |       0 |   0.0 |      42 |       0 |   0.0
            +---------+---------+-------+---------+---------+-------
        D:1 |      32 |       0 |   0.0 |      21 |       0 |   0.0
        D:2 |     114 |       0 |   0.0 |      21 |       0 |   0.0
            +---------+---------+-------+---------+---------+-------
